 Dungeon Crawl Stone Soup version 0.28-a0-479-g5baa6b73be (webtiles) character file.

Game seed: 17795041837067197571

207626 spiderkeys the Corrupter of Planes (level 18, 0/145 HPs)
             Began as a Gnoll Abyssal Knight on Sept 19, 2021.
             Was the Champion of Lugonu.
             Slain by Donald (4 damage)
             ... on level 1 of the Swamp.
             The game lasted 01:20:46 (31156 turns).

spiderkeys the Corrupter of Planes (GnAK)          Turns: 31156, Time: 01:20:47

Health: 0/145      AC: 28    Str: 23    XL:     18   Next: 76%
Magic:  49/52      EV: 17    Int: 18    God:    Lugonu [******]
Gold:   3708       SH: 13    Dex: 20    Spells: 19/41 levels left

rFire   + + .      SeeInvis +   w - +8 demon trident (distort)
rCold   . . .      Faith    +   q - +0 kite shield of Music {rPois MP+9 Dex+3 Stlth+}
rNeg    + + .      Spirit   .   d - +2 fire dragon scales "Gopsoumu" {rF++ rC- rN+ Will+ Regen+ Str+4}
rPois   +          Reflect  .   f - +2 helmet {SInv}
rElec   +          Harm     .   x - +2 cloak
rCorr   +          Rampage  +   Q - +1 pair of gloves of Iqiohu {rElec rCorr Dex-2 Slay+3}
Will    +++..                   P - +2 pair of boots
Stlth   +++.......              E - amulet "Wuebodac" {Faith Rampage Will+ MP+9 Stlth+}
HPRegen 1.34/turn               u - ring "Ruukifra" {rC+ rN+ rCorr Dex+7}
MPRegen 0.33/turn               i - ring of Due Proportion {rElec Int+6}

@: marked, very slow
A: fangs 1, strong nose, distributed training
}: 1/15 runes: gossamer
a: Renounce Religion, Depart the Abyss, Bend Space, Banish, Corrupt, Enter the
Abyss


You were on level 1 of the Swamp.
You worshipped Lugonu.
Lugonu was exalted by your worship.
You visited 6 branches of the dungeon, and saw 29 of its levels.
You visited the Abyss 2 times.
You also visited: Sewer, Bailey and Gauntlet.

You collected 4490 gold pieces.
You spent 782 gold pieces at shops.


Innate Abilities, Weirdness & Mutations

You have very sharp teeth.
Your uncanny sense of smell can sniff out nearby items.
Your experience applies equally to all skills.


   Skills:
 + Level 13.7 Fighting
 + Level 12.3 Short Blades
 + Level 12.3 Long Blades
 + Level 12.3 Axes
 + Level 12.3 Maces & Flails
 + Level 13.0 Polearms
 + Level 12.3 Staves
 + Level 12.3 Slings
 + Level 12.3 Bows
 + Level 12.3 Crossbows
 + Level 12.3 Throwing
 + Level 13.0 Armour
 + Level 12.6 Dodging
 + Level 12.3 Stealth
 + Level 12.3 Shields
 + Level 12.3 Unarmed Combat
 + Level 12.3 Spellcasting
 + Level 10.6 Conjurations
 + Level 10.6 Hexes
 + Level 10.6 Summonings
 + Level 10.6 Necromancy
 + Level 10.6 Translocations
 + Level 10.6 Transmutations
 + Level 10.6 Fire Magic
 + Level 10.6 Ice Magic
 + Level 10.6 Air Magic
 + Level 10.6 Earth Magic
 + Level 10.6 Poison Magic
 + Level 14.0 Invocations
 + Level 12.3 Evocations


You had 19 spell levels left.
You knew the following spells:

 Your Spells              Type           Power      Damage    Failure   Level
d - Dazzling Flash        Conj/Hex       98%        N/A       1%          3
m - Mephitic Cloud        Conj/Pois/Air  49%        N/A       1%          3
n - Dispel Undead         Necr           49%        3d18      2%          4
o - Olgreb's Toxic Radia  Pois           49%        N/A       2%          4
X - Flame Wave            Conj/Fire      49%        3d9       2%          4
Y - Iskenderun's Mystic   Conj/Tloc      49%        2d11      2%          4

Your spell library contained the following spells:

 Spells                   Type           Power      Damage    Failure   Level
 Animate Skeleton         Necr           98%        N/A       1%          1
 Apportation              Tloc           98%        N/A       1%          1
 Foxfire                  Conj/Fire      100%       2x1d9     1%          1
 Magic Dart               Conj           100%       1d8       1%          1
 Pain                     Necr           100%       1d9       1%          1
 Shock                    Conj/Air       100%       1d9       1%          1
 Sting                    Tmut/Pois      100%       1d8       1%          1
 Blink                    Tloc           N/A        N/A       1%          2
 Call Imp                 Summ           49%        N/A       1%          2
 Ensorcelled Hibernation  Hex/Ice        98%        N/A       1%          2
 Poisonous Vapours        Pois/Air       98%        N/A       1%          2
 Slow                     Hex            49%        N/A       1%          2
 Sublimation of Blood     Necr           24%        N/A       1%          2
 Confusing Touch          Hex            49%        N/A       1%          3
 Conjure Flame            Conj/Fire      49%        6-21      1%          3
 Inner Flame              Hex/Fire       49%        N/A       1%          3
 Lesser Beckoning         Tloc           49%        N/A       1%          3
 Ozocubu's Armour         Ice            49%        N/A       1%          3
 Swiftness                Air            49%        N/A       1%          3
 Vampiric Draining        Necr           24%        2d9       1%          3
 Airstrike                Air            24%        N/A       2%          4
 Animate Dead             Necr           24%        N/A       2%          4
 Fulminant Prism          Conj/Hex       24%        3d13      2%          4
 Petrify                  Tmut/Erth      49%        N/A       2%          4
 Alistair's Intoxication  Tmut/Pois      32%        N/A       8%          5
 Borgnjor's Vile Clutch   Necr/Erth      24%        N/A       8%          5
 Lee's Rapid Deconstruct  Erth           24%        3d14*     8%          5
 Manifold Assault         Tloc           49%        N/A       8%          5
 Metabolic Englaciation   Hex/Ice        24%        N/A       8%          5
 Silence                  Hex/Air        24%        N/A       8%          5
 Yara's Violent Unravell  Hex/Tmut       24%        3d11      8%          5
 Eringya's Noxious Bog    Tmut/Pois      24%        N/A       38%         6
 Invisibility             Hex            24%        N/A       38%         6
 Starburst                Conj/Fire      24%        6d8       38%         6
 Statue Form              Tmut/Erth      32%        N/A       38%         6
 Malign Gateway           Summ/Tloc      24%        N/A       92%         7
 Ozocubu's Refrigeration  Ice            24%        4d9       92%         7
 Infestation              Necr           24%        N/A       100%        8

Inventory:

Hand Weapons
 t - the +1 shortbow of the Modern Teeth {vorpal, rN+ Str+3}
   (You took it off a minotaur in a Gauntlet)

   Any ammunition fired from it inflicts extra damage upon your enemies.
   Str:       It affects your strength (+3).
   rN:        It protects you from negative energy.
 w - a +8 demon trident of distortion (weapon)
   (You took it off Asterion on level 3 of the Spider Nest)
 y - a +1 broad axe of holy wrath
   (You took it off an orc warrior on level 8 of the Dungeon)
Missiles
 a - 780 arrows
 g - 100 poisoned darts
 m - 6 curare-tipped darts {=f}
 n - 13 javelins
 A - 6 silver javelins
Armour
 d - the +2 fire dragon scales "Gopsoumu" (worn) {rF++ rC- rN+ Will+ Regen+ Str+4}
   (You found it on level 3 of the Abyss)

   Str:       It affects your strength (+4).
   rF:        It greatly protects you from fire.
   rC:        It makes you vulnerable to cold.
   rN:        It protects you from negative energy.
   Regen:     It increases your rate of health regeneration.
   Will:      It increases your willpower.
 f - a +2 helmet of see invisible (worn)
   (You found it in a Gauntlet)
 q - the +0 kite shield of Music (worn) {rPois MP+9 Dex+3 Stlth+}
   (You took it off Asterion on level 3 of the Spider Nest)

   Dex:       It affects your dexterity (+3).
   rPois:     It protects you from poison.
   MP:        It affects your magic capacity (+9).
   Stlth:     It makes you more stealthy.
 v - a +2 helmet of intelligence
   (You found it in a sewer)
 x - a +2 cloak (worn)
   (You found it on level 5 of the Dungeon)
 G - a +2 kite shield of cold resistance
   (You took it off a tengu warrior on level 14 of the Dungeon)
 P - a +2 pair of boots (worn)
   (You found it on level 9 of the Dungeon)
 Q - the +1 pair of gloves of Iqiohu (worn) {rElec rCorr Dex-2 Slay+3}
   (You acquired it on level 14 of the Dungeon)

   Dex:       It affects your dexterity (-2).
   Slay:      It affects your accuracy & damage with ranged weapons and melee
   (+3).
   rElec:     It insulates you from electricity.
   rCorr:     It protects you from acid and corrosion.
Jewellery
 i - the ring of Due Proportion (right hand) {rElec Int+6}
   (You found it on level 6 of the Lair of Beasts)

   [ring of intelligence]

   Int:       It affects your intelligence (+6).
   rElec:     It insulates you from electricity.
 u - the ring "Ruukifra" (left hand) {rC+ rN+ rCorr Dex+7}
   (You found it in a Gauntlet)

   [ring of resist corrosion]

   Dex:       It affects your dexterity (+7).
   rC:        It protects you from cold.
   rN:        It protects you from negative energy.
   rCorr:     It protects you from acid and corrosion.
 C - the ring "Meutuosm" {rF+ rC+ rN+}
   (You found it in a Gauntlet)

   [ring of protection from fire]

   rF:        It protects you from fire.
   rC:        It protects you from cold.
   rN:        It protects you from negative energy.
 E - the amulet "Wuebodac" (around neck) {Faith Rampage Will+ MP+9 Stlth+}
   (You found it on level 6 of the Lair of Beasts)

   [amulet of faith]

   It allows you to gain divine favour quickly.
   MP:        It affects your magic capacity (+9).
   Rampage:   It bestows one free step when moving towards enemies.
   Will:      It increases your willpower.
   Stlth:     It makes you more stealthy.
 O - a +4 ring of protection
   (You found it on level 1 of the Dungeon)
Wands
 H - a wand of digging (13)
   (You took it off Blork the orc on level 7 of the Dungeon)
 J - a wand of iceblast (39)
   (You took it off a gnoll sergeant on level 8 of the Dungeon)
 S - a wand of charming (8)
   (You found it on level 4 of the Spider Nest)
 T - a wand of acid (40)
   (You found it on level 12 of the Dungeon)
 V - a wand of paralysis (7)
   (You found it on level 12 of the Dungeon)
Scrolls
 c - 3 scrolls of magic mapping {!r}
 e - a scroll of brand weapon
 h - 4 scrolls of fog
 j - 6 scrolls of fear
 k - 4 scrolls of blinking {!r}
 p - 6 scrolls of immolation {!r!r}
 s - 12 scrolls of identify {@r1}
 I - 20 scrolls of teleportation {@r4}
 L - 3 scrolls of summoning
 U - 4 scrolls of silence {!r}
 W - a scroll of holy word
 Y - 5 scrolls of vulnerability {!r!r}
Potions
 b - 8 potions of mutation {!q}
 l - 2 potions of ambrosia
 o - a potion of heal wounds {@q2}
 r - 7 potions of flight
 z - 11 potions of lignification {!q}
 B - 2 potions of might
 D - 4 potions of attraction {!q}
 K - 2 potions of invisibility
 M - 3 potions of haste {@q3}
 N - 2 potions of magic
 R - a potion of cancellation
 Z - 2 potions of berserk rage {!q}
Miscellaneous
 F - a tin of tremorstones (2/2)
   (You found it on level 9 of the Dungeon)
 X - a box of beasts
   (You found it in a Gauntlet)

Dungeon Overview and Level Annotations

Branches:
Dungeon (15/15)            Temple (1/1) D:6            Lair (6/6) D:11
  Swamp (1/4) Lair:4       Spider (4/4) Lair:2        Slime (0/5) Lair:5
    Orc (2/2) D:10            Elf (0/3) Orc:2        Vaults (0/5) D:14
 Depths (0/5) D:15          Sewer (visited)          Bailey (visited)
Gauntlet (visited)

Altars:
Cheibriados
Dithmenos
Elyvilon
Fedhas
Gozag
Makhleb
Nemelex Xobeh
Okawaru
Ru
Trog
Uskayaw
Zin
The Shining One
Beogh
Jiyva
Lugonu

Shops:
D:4 *   D:13 *[:*   Orc:2 =([*

Portals:
Abyss: Lair:6
Trove: D:13 (give 3 potions of resistance)

Annotations:
Lair:5 1 runed translucent door
Swamp:1 Donald
Abyss:1 Agnes, Arachne, Frances

≈≈.♣≈≈♣..≈....≈.
♣.≈≈...≈≈§..≈.†.........
♣≈≈≈≈.≈§≈≈§....≈≈..≈≈...
≈≈≈≈≈≈§≈≈≈≈...§≈.>≈≈..♣♣
♣.$..≈§≈≈§≈.≈≈≈.≈♣♣..≈♣♣
...≈..≈≈..≈..........♣♣♣
.≈§≈§≈≈≈.♣♣......≈≈.♣♣♣§
.≈≈≈§≈≈.........≈≈≈.♣♣..
♣......@@...........♣♣.)
♣...≈..♣♣♣♣.§≈.≈....♣♣..
§≈≈§..≈♣≈≈♣....≈♣...♣...
.≈≈...♣♣.......≈........
≈≈...≈ ♣♣≈........≈.≈§.≈
§.§≈≈≈ ♣♣♣♣♣≈.......≈≈.
♣.≈≈≈ ♣♣♣♣♣♣.....≈ ♣.≈≈≈
♣≈♣♣.≈≈ ♣♣♣♣.≈≈


You could see Donald (fast, strong, poisoned).


Message History

Unfortunately, you learned nothing new.
Things that are here:
a +1 spear of distortion; a +0 buckler You enter the shallow water.
Moving in this stuff is going to be slow.
You enter the shallow water.
Moving in this stuff is going to be slow.
Found a stone staircase leading down.
You enter the shallow water.
Moving in this stuff is going to be slow.
A goliath frog comes into view.
A goliath frog is nearby!
A will-o-the-wisp comes into view.
You reach to attack!
The helpless goliath frog fails to defend itself.
You stick the goliath frog like a pincushion!!!
You kill the goliath frog!
Lugonu accepts your kill.
The will-o-the-wisp gives a chilling moan.
You reach to attack!
You completely miss the will-o-the-wisp.
You reach to attack!
You barely miss the will-o-the-wisp. You puncture the will-o-the-wisp!
Space warps horribly around the will-o-the-wisp!!
The will-o-the-wisp barely misses you.
You puncture the will-o-the-wisp!
You destroy the will-o-the-wisp!
Lugonu accepts your kill.
No target in view!
No target in view!
You enter the shallow water.
Moving in this stuff is going to be slow.
Y - 5 scrolls of vulnerability {!r!r} (gained 1)
You set off the alarm!
A sentinel's mark forms upon you.
You hear a shout!
A tyrant leech comes into view.
A tyrant leech is nearby!
You reach to attack!
You miss the tyrant leech. You miss the tyrant leech.
You impale the tyrant leech!!
Space bends around the tyrant leech.
Your bite misses the tyrant leech. You block the tyrant leech's attack.
You impale the tyrant leech!!
Space bends around the tyrant leech.
You bite the tyrant leech. You impale the tyrant leech!!
You kill the tyrant leech!
Lugonu accepts your kill.
Your Invocations skill increases to level 14!
No target in view!
No target in view!
A swamp worm comes into view.
The swamp worm fires a harpoon shot at you.
The harpoon shot misses you.
A swamp worm is nearby!
A swamp worm is nearby!
Donald the Adventurer comes into view.
He is wielding a +0 vorpal broad axe and wearing a +1 chain mail of cold resistance.
You rampage towards the swamp worm!
You enter the shallow water.
Moving in this stuff is going to be slow.
The swamp worm bites you but does no damage.
Donald mumbles some strange words.
Donald seems to grow stronger.
The swamp worm bites you! 😕 HP[-15]
You take 15 damage, and now have 130/145 hp.
You impale the swamp worm!!
Space bends around the swamp worm.
The swamp worm bites you but does no damage.
Donald casts a spell.
Donald seems to speed up. 😕 HP[+1]
You impale the swamp worm!!
You kill the swamp worm!
Lugonu accepts your kill. 😕 HP[+1]
Casting: Olgreb's Toxic Radiance (mildly dangerous; 2% risk of failure)
Confirm with . or Enter, or press ? or * to list all spells.
You begin to radiate toxic energy.
Donald is poisoned.
Donald hits you with a +0 vorpal broad axe!! 😮 HP[-24] MP[-4]
You take 24 damage, and now have 108/145 hp.
You lost 4 mp, and now have 48/52 mp.
You are too injured to fight recklessly!
You are too injured to fight recklessly!
Donald blocks your attack. x2
Donald says, "I don't get what's so special about the number twenty-seven."
Donald hits you with a +0 vorpal broad axe!! 😮 HP[-28]
You take 28 damage, and now have 80/145 hp.
Your unstable footing causes you to fumble your attack.
Your toxic aura wanes.
You block Donald's attack. 😮 HP[+1]
You puncture Donald! Donald blocks your attack.
Donald blinks!
Donald hits you with a +0 vorpal broad axe!!
* * * LOW HITPOINT WARNING * * *
x2 😨 HP[-24] MP[+1]
You take 24 damage, and now have 57/145 hp.
Donald hits you with a +0 vorpal broad axe!!
* * * LOW HITPOINT WARNING * * *
x2 Donald hits you with a +0 vorpal broad axe!!
* * * LOW HITPOINT WARNING * * *
You die...

Skill      XL: |  1  2  3  4  5  6  7  8  9 10 11 12 13 14 15 16 17 18 |
---------------+-------------------------------------------------------+-----
Short Blades   | 1 2 3 5 6 7 8 9 10 11 12 | 12.3
Long Blades    | 1 2 3 5 6 7 8 9 10 11 12 | 12.3
Axes           | 1 2 3 5 6 7 8 9 10 11 12 | 12.3
Maces & Flails | 1 2 3 5 6 7 8 9 10 11 12 | 12.3
Staves         | 1 2 3 5 6 7 8 9 10 11 12 | 12.3
Slings         | 1 2 3 5 6 7 8 9 10 11 12 | 12.3
Bows           | 1 2 3 5 6 7 8 9 10 11 12 | 12.3
Crossbows      | 1 2 3 5 6 7 8 9 10 11 12 | 12.3
Throwing       | 1 2 3 5 6 7 8 9 10 11 12 | 12.3
Dodging        | 3 4 5 6 7 8 9 10 11 12 | 12.6
Stealth        | 1 2 3 5 6 7 8 9 10 11 12 | 12.3
Shields        | 1 2 3 5 6 7 8 9 10 11 12 | 12.3
Unarmed Combat | 1 2 3 5 6 7 8 9 10 11 12 | 12.3
Spellcasting   | 1 2 3 5 6 7 8 9 10 11 12 | 12.3
Conjurations   | 1 2 3 4 5 6 7 8 9 10 | 10.6
Hexes          | 1 2 3 4 5 6 7 8 9 10 | 10.6
Summonings     | 1 2 3 4 5 6 7 8 9 10 | 10.6
Necromancy     | 1 2 3 4 5 6 7 8 9 10 | 10.6
Translocations | 1 2 3 4 5 6 7 8 9 10 | 10.6
Transmutations | 1 2 3 4 5 6 7 8 9 10 | 10.6
Fire Magic     | 1 2 3 4 5 6 7 8 9 10 | 10.6
Ice Magic      | 1 2 3 4 5 6 7 8 9 10 | 10.6
Air Magic      | 1 2 3 4 5 6 7 8 9 10 | 10.6
Earth Magic    | 1 2 3 4 5 6 7 8 9 10 | 10.6
Poison Magic   | 1 2 3 4 5 6 7 8 9 10 | 10.6
Evocations     | 1 2 3 5 6 7 8 9 10 11 12 | 12.3
Invocations    | 5 6 7 8 9 10 11 12 13 14 | 14.0
Polearms       | 5 6 7 8 9 10 11 12 13 | 13.0
Armour         | 5 6 7 8 9 10 11 12 13 | 13.0
Fighting       | 7 8 9 10 11 12 13 | 13.7

Action                   |  1- 3 |  4- 6 |  7- 9 | 10-12 | 13-15 | 16-18 || total
-------------------------+-------+-------+-------+-------+-------+-------++-------
Melee: Spear             |    87 |    89 |   222 |   535 |  1841 |  1292 ||  4066
       Bite              |     3 |    17 |    55 |    66 |   291 |   296 ||   728
       Trident           |       |    51 |   330 |       |       |       ||   381
       Punch             |       |       |     6 |       |       |       ||     6
       Morningstar       |       |       |       |    32 |       |       ||    32
       Broad axe         |       |       |       |       |   105 |       ||   105
       Demon trident     |       |       |       |       |       |   471 ||   471
Throw: Dart              |       |       |     2 |       |    17 |       ||    19
       Javelin           |       |       |       |       |    11 |    19 ||    30
 Cast: Flame Wave        |       |       |       |       |     3 |    23 ||    26
       Iskenderun's Myst |       |       |       |       |       |     8 ||     8
       Olgreb's Toxic Ra |       |       |       |       |       |    47 ||    47
Invok: Depart the Abyss  |     1 |       |       |       |     1 |       ||     2
       Bend Space        |       |       |     3 |     2 |     5 |     4 ||    14
       Banish            |       |       |     2 |     4 |     2 |       ||     8
       Brand Weapon With |       |       |       |       |       |     1 ||     1
Evoke: Wand              |       |       |     2 |     3 |    20 |     5 ||    30
       Tin of tremorston |       |       |       |       |     2 |       ||     2
       Box of beasts     |       |       |       |       |       |     1 ||     1
  Use: Scroll            |     2 |     6 |     8 |     4 |    12 |     9 ||    41
       Potion            |       |       |     2 |     8 |     3 |     7 ||    20
 Stab: Sleeping          |       |       |       |     2 |    18 |    24 ||    44
       Paralysed         |       |       |       |       |     4 |     1 ||     5
       Distracted        |       |       |       |       |     4 |     8 ||    12
       Invisible         |       |       |       |       |       |     1 ||     1
Armor: Fire dragon scale |    30 |    62 |   521 |   252 |   648 |   733 ||  2246
       Skin              |       |       |       |    31 |       |       ||    31
Dodge: Dodged            |    32 |    61 |   466 |   217 |   563 |   854 ||  2193
Block: Kite shield       |       |       |    34 |    79 |   562 |  1148 ||  1823
       Buckler           |       |       |       |    71 |   133 |       ||   204

Levels and vault maps discovered:
D:1:      dpeg_arrival_simpleton_a, layout_loops_ring, basic_ecumenical_altar,
          minmay_pentomino_w2
D:2:      minmay_skewed_foursquare, layout_basic, minivault_14, uniq_sigmund
D:3:      layout_loops_ring, marbit_many_paths
D:4:      layout_rooms, chequers_temple_overflow_statue_of_worship,
          nicolae_elemental_shop, grunt_ministairs_13, minmay_vboxes
D:5:      layout_loops_ring, nicolae_uskayaw_en_pointe,
          cheibrodos_sewer_entry_bend
D:6:      layout_gridville, minmay_temple_entry_large_hall, uniq_maggie
D:7:      layout_basic, zin_statuary, sword_in_stone, uniq_menkaure
D:8:      minmay_imperfect_grid, layout_basic, slow_altar_1,
          mainiacjoe_overflow_alcove_4, enter_bailey_5, uniq_harold, uniq_grum
D:9:      layout_layer_cave
D:10:     layout_stronghold, minmay_orc_entry_guard_dogs
D:11:     layout_rooms, due_lair_maze_entry_diamond, uniq_psyche
D:12:     wad_woods_stonehenge, layout_basic
D:13:     layout_basic, serial_shops, shop_fountains, shop,
          kennysheep_mini_moat, enter_trove_6, nicolae_gozag_zags_fifth_avenue,
          uniq_sonja
D:14:     minmay_stepped, layout_basic, hangedman_vaults_entry_quadrant_bands,
          gauntlet_entry_generic, chequers_serial_rivers_micro_a, tso_altar
D:15:     gammafunk_enter_depths_forms, layout_loops_ring, glass_columns_a,
          fedhas_altar_3
Temple:   cyrus_circular_temple
Lair:1:   layout_hall_layers, nicolae_quartered_pool_super, serial_bayou_shore_a
Lair:2:   layout_loops_ring, nicolae_spider_entry_tight_spaces, basic_altar,
          uniq_gastronok, uniq_urug
Lair:3:   layout_regular_city
Lair:4:   layout_loops_ring, swamp_mist, st_stairs_11, minivault_26,
          bh_autumn_forest_stairs
Lair:5:   layout_layer_cave, slime_altar_2
Lair:6:   hellmonk_lair_end_abyssal_woods, layout_gridlike,
          minmay_lair_oklob_items
Swamp:1:  layout_basic_swamp, hangedman_swamp_diagram, uniq_donald, uniq_frances
Spider:1: layout_chambers, nicolae_spider_bug_shape
Spider:2: layout_spider_delve
Spider:3: cheibrodos_forgotten_conduit, hangedman_spider_tarantella_strand,
          uniq_mlioglotl, uniq_asterion
Spider:4: johnstein_spider_rune_arachne_lair, nicolae_spider_circle_web,
          uniq_agnes, uniq_arachne
Orc:1:    layout_caves, basic_altar
Orc:2:    grunt_orc_cross, layout_caves, okawaru_metal_pillars_1_2

Notes
Turn   | Place    | Note
-------+----------+-------------------------------------------
     0 | Abyss:1  | spiderkeys the Gnoll Abyssal Knight began the quest for the
                  | Orb.
     0 | Abyss:1  | Reached XP level 1. HP: 23/23 MP: 3/3
     0 | Abyss:1  | magus.rc [v1.9.10]
     6 | Abyss:1  | Found a shadowy altar of Dithmenos.
    60 | Abyss:2  | Found a corrupted altar of Lugonu.
   134 | Abyss:3  | Noticed a thrashing horror
   137 | Abyss:3  | Noticed a thrashing horror
   161 | Abyss:3  | Identified the +2 fire dragon scales "Gopsoumu" {rF++ rC-
                  | rN+ Will+ Regen+ Str+4}
   166 | Abyss:3  | Noticed a green death
   166 | D:1      | You pass through the gate.
   166 | D:1      | Escaped the Abyss
   362 | D:1      | Reached XP level 2. HP: 29/29 MP: 5/5
   401 | D:1      | Reached * piety under Lugonu
   551 | D:1      | You pick up a book of Necromancy and begin reading...
   551 | D:1      | You add the spells Pain, Animate Skeleton and Vampiric
                  | Draining to your library.
   569 | D:1      | Found a faded altar of an unknown god.
   905 | D:2      | Reached XP level 3. HP: 35/35 MP: 6/6
   962 | D:2      | You pick up a book of Party Tricks and begin reading...
   962 | D:2      | You add the spells Apportation, Alistair's Intoxication and
                  | Invisibility to your library.
  1048 | D:2      | You pick up a book of Air and begin reading...
  1048 | D:2      | You add the spells Shock, Swiftness and Airstrike to your
                  | library.
  1061 | D:2      | Noticed Sigmund
  1088 | D:2      | Killed Sigmund
  1089 | D:2      | Reached skill level 1 in Short Blades
  1089 | D:2      | Reached skill level 1 in Long Blades
  1089 | D:2      | Reached skill level 1 in Axes
  1089 | D:2      | Reached skill level 1 in Maces & Flails
  1089 | D:2      | Reached skill level 1 in Staves
  1089 | D:2      | Reached skill level 1 in Slings
  1089 | D:2      | Reached skill level 1 in Bows
  1089 | D:2      | Reached skill level 1 in Crossbows
  1089 | D:2      | Reached skill level 1 in Throwing
  1089 | D:2      | Reached skill level 3 in Dodging
  1089 | D:2      | Reached skill level 1 in Stealth
  1089 | D:2      | Reached skill level 1 in Shields
  1089 | D:2      | Reached skill level 1 in Unarmed Combat
  1089 | D:2      | Reached skill level 1 in Spellcasting
  1089 | D:2      | Reached skill level 1 in Conjurations
  1089 | D:2      | Reached skill level 1 in Hexes
  1089 | D:2      | Reached skill level 1 in Summonings
  1089 | D:2      | Reached skill level 1 in Necromancy
  1089 | D:2      | Reached skill level 1 in Translocations
  1089 | D:2      | Reached skill level 1 in Transmutations
  1089 | D:2      | Reached skill level 1 in Fire Magic
  1089 | D:2      | Reached skill level 1 in Ice Magic
  1089 | D:2      | Reached skill level 1 in Air Magic
  1089 | D:2      | Reached skill level 1 in Earth Magic
  1089 | D:2      | Reached skill level 1 in Poison Magic
  1089 | D:2      | Reached skill level 1 in Evocations
  1089 | D:2      | Reached XP level 4. HP: 41/41 MP: 7/7
  1089 | D:2      | Reached XP level 5. HP: 47/47 MP: 8/8
  1288 | D:2      | Reached skill level 5 in Invocations
  1311 | D:2      | Reached XP level 6. HP: 53/53 MP: 9/9
  1567 | D:3      | Found a shadowy altar of Dithmenos.
  1646 | D:3      | Reached ** piety under Lugonu
  2068 | D:3      | You pick up a book of Flames and begin reading...
  2068 | D:3      | You add the spells Foxfire, Conjure Flame, Inner Flame and
                  | Flame Wave to your library.
  2223 | D:4      | You add the spells Sublimation of Blood, Animate Dead,
                  | Dispel Undead and Infestation to your library.
  2223 | D:4      | Got the Grimoire of Decompression
  2268 | D:4      | Noticed a black bear
  2278 | D:4      | Killed a black bear
  2279 | D:4      | Reached skill level 2 in Short Blades
  2279 | D:4      | Reached skill level 2 in Long Blades
  2279 | D:4      | Reached skill level 2 in Axes
  2279 | D:4      | Reached skill level 2 in Maces & Flails
  2279 | D:4      | Reached skill level 5 in Polearms
  2279 | D:4      | Reached skill level 2 in Staves
  2279 | D:4      | Reached skill level 2 in Slings
  2279 | D:4      | Reached skill level 2 in Bows
  2279 | D:4      | Reached skill level 2 in Crossbows
  2279 | D:4      | Reached skill level 2 in Throwing
  2279 | D:4      | Reached skill level 5 in Armour
  2279 | D:4      | Reached skill level 2 in Stealth
  2279 | D:4      | Reached skill level 2 in Shields
  2279 | D:4      | Reached skill level 2 in Unarmed Combat
  2279 | D:4      | Reached skill level 2 in Spellcasting
  2279 | D:4      | Reached skill level 2 in Evocations
  2353 | D:4      | Reached XP level 7. HP: 59/59 MP: 10/10
  2363 | D:4      | Reached skill level 7 in Fighting
  2492 | D:4      | Reached skill level 2 in Conjurations
  2492 | D:4      | Reached skill level 2 in Hexes
  2492 | D:4      | Reached skill level 2 in Summonings
  2492 | D:4      | Reached skill level 2 in Necromancy
  2492 | D:4      | Reached skill level 2 in Translocations
  2492 | D:4      | Reached skill level 2 in Transmutations
  2492 | D:4      | Reached skill level 2 in Fire Magic
  2492 | D:4      | Reached skill level 2 in Ice Magic
  2492 | D:4      | Reached skill level 2 in Air Magic
  2492 | D:4      | Reached skill level 2 in Earth Magic
  2492 | D:4      | Reached skill level 2 in Poison Magic
  2562 | D:4      | Found a glowing golden altar of the Shining One.
  2563 | D:4      | Found a burning altar of Makhleb.
  2566 | D:4      | Found a sparkling altar of Nemelex Xobeh.
  2567 | D:4      | Found a sacrificial altar of Ru.
  2608 | D:4      | Found Wuimimp's Elemental Accessories.
  2707 | D:5      | Entered Level 5 of the Dungeon
  2743 | D:5      | You pick up a book of Misfortune and begin reading...
  2743 | D:5      | You add the spells Slow, Confusing Touch and Yara's Violent
                  | Unravelling to your library.
  2782 | D:5      | Reached *** piety under Lugonu
  2791 | D:5      | Reached XP level 8. HP: 59/67 MP: 12/12
  2809 | D:5      | Noticed a +0 falchion
  2809 | D:5      | Noticed a +0 dagger
  2809 | D:5      | Noticed a +0 dagger
  2810 | D:5      | Noticed a +0 short sword
  2810 | D:5      | Noticed a +0 short sword
  2943 | D:5      | Reached skill level 3 in Short Blades
  2943 | D:5      | Reached skill level 3 in Long Blades
  2943 | D:5      | Reached skill level 3 in Axes
  2943 | D:5      | Reached skill level 3 in Maces & Flails
  2943 | D:5      | Reached skill level 3 in Staves
  2943 | D:5      | Reached skill level 3 in Slings
  2943 | D:5      | Reached skill level 3 in Bows
  2943 | D:5      | Reached skill level 3 in Crossbows
  2943 | D:5      | Reached skill level 3 in Throwing
  2943 | D:5      | Reached skill level 4 in Dodging
  2943 | D:5      | Reached skill level 3 in Stealth
  2943 | D:5      | Reached skill level 3 in Shields
  2943 | D:5      | Reached skill level 3 in Unarmed Combat
  2943 | D:5      | Reached skill level 3 in Spellcasting
  2943 | D:5      | Reached skill level 3 in Evocations
  2978 | D:5      | Found a glowing drain.
  3012 | Sewer    | Entered a sewer
  3563 | D:5      | You pick up a book of Debilitation and begin reading...
  3770 | D:5      | Noticed a +0 spear
  3771 | D:5      | Noticed a +0 falchion
  3771 | D:5      | Noticed a +0 spear
  3880 | D:5      | Found a hide-covered altar of Uskayaw.
  4087 | D:6      | Noticed Maggie
  4099 | D:6      | Reached skill level 6 in Invocations
  4129 | D:6      | Killed Maggie
  4130 | D:6      | Reached skill level 3 in Conjurations
  4130 | D:6      | Reached skill level 3 in Hexes
  4130 | D:6      | Reached skill level 3 in Summonings
  4130 | D:6      | Reached skill level 3 in Necromancy
  4130 | D:6      | Reached skill level 3 in Translocations
  4130 | D:6      | Reached skill level 3 in Transmutations
  4130 | D:6      | Reached skill level 3 in Fire Magic
  4130 | D:6      | Reached skill level 3 in Ice Magic
  4130 | D:6      | Reached skill level 3 in Air Magic
  4130 | D:6      | Reached skill level 3 in Earth Magic
  4130 | D:6      | Reached skill level 3 in Poison Magic
  4147 | D:6      | Reached skill level 6 in Polearms
  4147 | D:6      | Reached skill level 6 in Armour
  4161 | D:6      | Reached XP level 9. HP: 50/72 MP: 14/14
  4207 | D:6      | Found a staircase to the Ecumenical Temple.
  4687 | D:7      | Reached **** piety under Lugonu
  4779 | Temple   | Entered the Ecumenical Temple
  5016 | D:7      | Reached skill level 4 in Short Blades
  5016 | D:7      | Reached skill level 4 in Long Blades
  5016 | D:7      | Reached skill level 4 in Axes
  5016 | D:7      | Reached skill level 4 in Maces & Flails
  5016 | D:7      | Reached skill level 4 in Staves
  5016 | D:7      | Reached skill level 4 in Slings
  5016 | D:7      | Reached skill level 4 in Bows
  5016 | D:7      | Reached skill level 4 in Crossbows
  5016 | D:7      | Reached skill level 4 in Throwing
  5016 | D:7      | Reached skill level 4 in Stealth
  5016 | D:7      | Reached skill level 4 in Shields
  5016 | D:7      | Reached skill level 4 in Unarmed Combat
  5016 | D:7      | Reached skill level 4 in Spellcasting
  5016 | D:7      | Reached skill level 4 in Evocations
  5048 | D:7      | Noticed Blork the orc
  5057 | D:7      | Killed Blork the orc
  5066 | D:7      | Found a glowing silver altar of Zin.
  5115 | D:7      | Noticed Menkaure
  5187 | D:7      | Reached skill level 5 in Dodging
  5215 | D:7      | HP: 15/74 [??? (10)]
  5216 | D:7      | Killed Menkaure
  5331 | D:7      | You pick up a book of Spectacle and begin reading...
  5331 | D:7      | You add the spells Dazzling Flash, Iskenderun's Mystic
                  | Blast and Starburst to your library.
  5780 | D:8      | Found a flagged portal.
  5805 | D:8      | HP: 12/74 [ice beast (10)]
  5806 | D:8      | HP: 2/74 [ice beast (7)]
  5827 | D:8      | Reached skill level 8 in Fighting
  5858 | Bailey   | Entered a bailey
  5863 | Bailey   | Noticed an orc warlord
  5945 | Bailey   | Reached skill level 7 in Invocations
  5979 | Bailey   | Found a runed translucent gate.
  5981 | Bailey   | Found a runed translucent gate.
  5983 | Bailey   | Found a runed translucent gate.
  6008 | Bailey   | Reached ***** piety under Lugonu
  6117 | Bailey   | Banished an orc warlord
  6118 | Bailey   | Reached skill level 5 in Short Blades
  6118 | Bailey   | Reached skill level 5 in Long Blades
  6118 | Bailey   | Reached skill level 5 in Axes
  6118 | Bailey   | Reached skill level 5 in Maces & Flails
  6118 | Bailey   | Reached skill level 7 in Polearms
  6118 | Bailey   | Reached skill level 5 in Staves
  6118 | Bailey   | Reached skill level 5 in Slings
  6118 | Bailey   | Reached skill level 5 in Bows
  6118 | Bailey   | Reached skill level 5 in Crossbows
  6118 | Bailey   | Reached skill level 5 in Throwing
  6118 | Bailey   | Reached skill level 7 in Armour
  6118 | Bailey   | Reached skill level 5 in Stealth
  6118 | Bailey   | Reached skill level 5 in Shields
  6118 | Bailey   | Reached skill level 5 in Unarmed Combat
  6118 | Bailey   | Reached skill level 5 in Spellcasting
  6118 | Bailey   | Reached skill level 4 in Conjurations
  6118 | Bailey   | Reached skill level 4 in Hexes
  6118 | Bailey   | Reached skill level 4 in Summonings
  6118 | Bailey   | Reached skill level 4 in Necromancy
  6118 | Bailey   | Reached skill level 4 in Translocations
  6118 | Bailey   | Reached skill level 4 in Transmutations
  6118 | Bailey   | Reached skill level 4 in Fire Magic
  6118 | Bailey   | Reached skill level 4 in Ice Magic
  6118 | Bailey   | Reached skill level 4 in Air Magic
  6118 | Bailey   | Reached skill level 4 in Earth Magic
  6118 | Bailey   | Reached skill level 4 in Poison Magic
  6118 | Bailey   | Reached skill level 5 in Evocations
  6118 | Bailey   | Reached XP level 10. HP: 82/82 MP: 7/17
  6148 | Bailey   | Acquired 781 gold pieces
  6150 | Bailey   | Reached skill level 9 in Fighting
  6150 | Bailey   | Reached skill level 6 in Short Blades
  6150 | Bailey   | Reached skill level 6 in Long Blades
  6150 | Bailey   | Reached skill level 6 in Axes
  6150 | Bailey   | Reached skill level 6 in Maces & Flails
  6150 | Bailey   | Reached skill level 6 in Staves
  6150 | Bailey   | Reached skill level 6 in Slings
  6150 | Bailey   | Reached skill level 6 in Bows
  6150 | Bailey   | Reached skill level 6 in Crossbows
  6150 | Bailey   | Reached skill level 6 in Throwing
  6150 | Bailey   | Reached skill level 6 in Dodging
  6150 | Bailey   | Reached skill level 6 in Stealth
  6150 | Bailey   | Reached skill level 6 in Shields
  6150 | Bailey   | Reached skill level 6 in Unarmed Combat
  6150 | Bailey   | Reached skill level 6 in Spellcasting
  6150 | Bailey   | Reached skill level 5 in Conjurations
  6150 | Bailey   | Reached skill level 5 in Hexes
  6150 | Bailey   | Reached skill level 5 in Summonings
  6150 | Bailey   | Reached skill level 5 in Necromancy
  6150 | Bailey   | Reached skill level 5 in Translocations
  6150 | Bailey   | Reached skill level 5 in Transmutations
  6150 | Bailey   | Reached skill level 5 in Fire Magic
  6150 | Bailey   | Reached skill level 5 in Ice Magic
  6150 | Bailey   | Reached skill level 5 in Air Magic
  6150 | Bailey   | Reached skill level 5 in Earth Magic
  6150 | Bailey   | Reached skill level 5 in Poison Magic
  6150 | Bailey   | Reached skill level 8 in Invocations
  6150 | Bailey   | Reached skill level 6 in Evocations
  6150 | Bailey   | Reached XP level 11. HP: 89/89 MP: 12/20
  6214 | D:8      | You pick up a book of Spectacle and begin reading...
  6257 | D:8      | You add the spells Sting, Poisonous Vapours and Olgreb's
                  | Toxic Radiance to your library.
  6267 | D:8      | Noticed Harold
  6283 | D:8      | Killed Harold
  6284 | D:8      | Reached skill level 8 in Polearms
  6284 | D:8      | Reached skill level 8 in Armour
  6284 | D:8      | Reached skill level 7 in Dodging
  6330 | D:8      | Noticed a two-headed ogre
  6341 | D:8      | Killed a two-headed ogre
  6341 | D:8      | Noticed a two-headed ogre
  6351 | D:8      | Killed a two-headed ogre
  6491 | D:8      | Noticed a two-headed ogre
  6506 | D:8      | Killed a two-headed ogre
  6911 | D:8      | Noticed Grum
  6915 | D:8      | Reached skill level 9 in Invocations
  6930 | D:8      | Reached XP level 12. HP: 90/96 MP: 22/22
  6939 | D:8      | Killed Grum
  6948 | D:8      | Reached skill level 7 in Short Blades
  6948 | D:8      | Reached skill level 7 in Long Blades
  6948 | D:8      | Reached skill level 7 in Axes
  6948 | D:8      | Reached skill level 7 in Maces & Flails
  6948 | D:8      | Reached skill level 7 in Staves
  6948 | D:8      | Reached skill level 7 in Slings
  6948 | D:8      | Reached skill level 7 in Bows
  6948 | D:8      | Reached skill level 7 in Crossbows
  6948 | D:8      | Reached skill level 7 in Throwing
  6948 | D:8      | Reached skill level 7 in Stealth
  6948 | D:8      | Reached skill level 7 in Shields
  6948 | D:8      | Reached skill level 7 in Unarmed Combat
  6948 | D:8      | Reached skill level 7 in Spellcasting
  6948 | D:8      | Reached skill level 7 in Evocations
  7009 | D:8      | Found a bloodstained altar of Trog.
  7280 | D:8      | Found a snail-covered altar of Cheibriados.
  7534 | D:9      | You fall into a shaft and drop 3 floors!
  7534 | D:12     | Noticed a two-headed ogre
  7540 | D:12     | Killed a two-headed ogre
  7552 | D:12     | Noticed a centaur warrior
  7581 | D:12     | Killed a centaur warrior
  7637 | D:11     | Noticed Psyche
  7649 | D:12     | Killed Psyche
  7650 | D:12     | Reached skill level 6 in Conjurations
  7650 | D:12     | Reached skill level 6 in Hexes
  7650 | D:12     | Reached skill level 6 in Summonings
  7650 | D:12     | Reached skill level 6 in Necromancy
  7650 | D:12     | Reached skill level 6 in Translocations
  7650 | D:12     | Reached skill level 6 in Transmutations
  7650 | D:12     | Reached skill level 6 in Fire Magic
  7650 | D:12     | Reached skill level 6 in Ice Magic
  7650 | D:12     | Reached skill level 6 in Air Magic
  7650 | D:12     | Reached skill level 6 in Earth Magic
  7650 | D:12     | Reached skill level 6 in Poison Magic
  7658 | D:12     | Noticed a centaur warrior
  7673 | D:12     | Banished a centaur warrior
  7682 | D:12     | HP: 24/97 [skeletal warrior (12)]
  7688 | D:12     | HP: 24/97 [skeletal warrior (19)]
  7725 | D:12     | Noticed a centaur warrior
  7739 | D:12     | Killed a centaur warrior
  7815 | D:12     | Noticed a two-headed ogre
  7816 | D:12     | Noticed a boulder beetle
  7825 | D:12     | Banished a boulder beetle
  7830 | D:12     | Killed a two-headed ogre
  7831 | D:12     | Reached skill level 10 in Fighting
  7831 | D:12     | Reached skill level 8 in Dodging
  7961 | D:12     | Reached skill level 9 in Polearms
  7961 | D:12     | Reached skill level 9 in Armour
  7984 | D:12     | Noticed a death knight
  8103 | D:10     | Entered Level 10 of the Dungeon
  8143 | D:10     | Noticed a two-headed ogre
  8168 | D:10     | Killed a two-headed ogre
  8377 | D:10     | Found a staircase to the Orcish Mines.
  8577 | D:10     | Reached XP level 13. HP: 39/103 MP: 24/24
  8582 | D:10     | HP: 24/103 [slime creature (5)]
  9294 | D:9      | Reached skill level 8 in Short Blades
  9294 | D:9      | Reached skill level 8 in Long Blades
  9294 | D:9      | Reached skill level 8 in Axes
  9294 | D:9      | Reached skill level 8 in Maces & Flails
  9294 | D:9      | Reached skill level 8 in Staves
  9294 | D:9      | Reached skill level 8 in Slings
  9294 | D:9      | Reached skill level 8 in Bows
  9294 | D:9      | Reached skill level 8 in Crossbows
  9294 | D:9      | Reached skill level 8 in Throwing
  9294 | D:9      | Reached skill level 8 in Stealth
  9294 | D:9      | Reached skill level 8 in Shields
  9294 | D:9      | Reached skill level 8 in Unarmed Combat
  9294 | D:9      | Reached skill level 8 in Spellcasting
  9294 | D:9      | Reached skill level 8 in Evocations
 10153 | D:10     | Reached skill level 10 in Invocations
 10412 | D:11     | Found a staircase to the Lair.
 10706 | D:11     | You pick up a book of Party Tricks and begin reading...
 10815 | D:12     | Found a shadowy altar of Dithmenos.
 11186 | D:12     | Reached skill level 7 in Conjurations
 11186 | D:12     | Reached skill level 7 in Hexes
 11186 | D:12     | Reached skill level 7 in Summonings
 11186 | D:12     | Reached skill level 7 in Necromancy
 11186 | D:12     | Reached skill level 7 in Translocations
 11186 | D:12     | Reached skill level 7 in Transmutations
 11186 | D:12     | Reached skill level 7 in Fire Magic
 11186 | D:12     | Reached skill level 7 in Ice Magic
 11186 | D:12     | Reached skill level 7 in Air Magic
 11186 | D:12     | Reached skill level 7 in Earth Magic
 11186 | D:12     | Reached skill level 7 in Poison Magic
 11551 | D:13     | Noticed Sonja
 11570 | D:13     | You are cast into the Abyss!
 11570 | D:13     | Cast into level 1 of the Abyss (Sonja)
 11572 | Abyss:1  | Found a corrupted altar of Lugonu.
 11608 | Abyss:1  | Found a corrupted altar of Lugonu.
 11623 | Abyss:1  | Noticed a tentacled starspawn
 11644 | D:13     | You pass through the gate.
 11644 | D:13     | Escaped the Abyss
 11647 | D:13     | HP: 18/104 [Sonja (16)]
 11662 | D:13     | HP: 19/104 [asphyx]
 11814 | D:13     | Killed Sonja
 11815 | D:13     | Reached skill level 9 in Dodging
 11887 | D:13     | Found Sughawku's Assorted Antiques.
 12509 | D:13     | Found a portal to a secret trove of treasure.
 12512 | D:13     | This trove needs 3 potions of resistance to function. Give
                  | it the items?
 12528 | D:13     | Found Quzao's Book Emporium.
 12551 | D:13     | Found an opulent altar of Gozag.
 12581 | D:13     | Found Gozag's Platinum Reserve.
 12714 | D:13     | Found Plog's Armour Emporium.
 13130 | D:14     | Reached skill level 10 in Polearms
 13130 | D:14     | Reached skill level 10 in Armour
 13130 | D:14     | Reached XP level 14. HP: 111/111 MP: 26/26
 13253 | D:14     | Found a gate leading to a gauntlet.
 13262 | Gauntlet | Entered a Gauntlet
 13262 | Gauntlet | Found a transporter.
 13262 | Gauntlet | Found a transporter.
 13262 | Gauntlet | Found a transporter.
 13262 | Gauntlet | Found a runed translucent gate.
 13263 | Gauntlet | Found a transporter.
 13264 | Gauntlet | Found a runed translucent gate.
 13264 | Gauntlet | Found a transporter.
 13265 | Gauntlet | Found a runed translucent gate.
 13267 | Gauntlet | Found a transporter.
 13275 | Gauntlet | Found a transporter.
 13275 | Gauntlet | Found a transporter.
 13276 | Gauntlet | Found a transporter.
 13278 | Gauntlet | Found a transporter.
 13286 | Gauntlet | Found a transporter.
 13286 | Gauntlet | Found a transporter.
 13545 | Gauntlet | Reached skill level 11 in Fighting
 13550 | Gauntlet | Reached skill level 9 in Short Blades
 13550 | Gauntlet | Reached skill level 9 in Long Blades
 13550 | Gauntlet | Reached skill level 9 in Axes
 13550 | Gauntlet | Reached skill level 9 in Maces & Flails
 13550 | Gauntlet | Reached skill level 9 in Staves
 13550 | Gauntlet | Reached skill level 9 in Slings
 13550 | Gauntlet | Reached skill level 9 in Bows
 13550 | Gauntlet | Reached skill level 9 in Crossbows
 13550 | Gauntlet | Reached skill level 9 in Throwing
 13550 | Gauntlet | Reached skill level 9 in Stealth
 13550 | Gauntlet | Reached skill level 9 in Shields
 13550 | Gauntlet | Reached skill level 9 in Unarmed Combat
 13550 | Gauntlet | Reached skill level 9 in Spellcasting
 13550 | Gauntlet | Reached skill level 9 in Evocations
 13610 | Gauntlet | Identified the +1 shortbow of the Modern Teeth {vorpal, rN+
                  | Str+3}
 13654 | Gauntlet | Identified the ring "Ruukifra" {rC+ rN+ rCorr Dex+7}
 13654 | Gauntlet | Identified the ring "Meutuosm" {rF+ rC+ rN+}
 13655 | Gauntlet | You add the spells Ozocubu's Armour and Ozocubu's
                  | Refrigeration to your library.
 13880 | D:14     | Found a glowing golden altar of the Shining One.
 13921 | D:14     | HP: 17/113 [yaktaur/bolt (13)]
 14002 | D:14     | Acquired the +1 pair of gloves of Iqiohu {rElec rCorr Dex-2
                  | Slay+3}
 14361 | D:14     | Reached skill level 11 in Invocations
 14414 | D:14     | Found a gate to the Vaults.
 14638 | D:14     | HP: 28/113 [troll (2)]
 14828 | D:14     | You pick up a book of Minor Magic and begin reading...
 14828 | D:14     | You add the spells Magic Dart, Call Imp and Mephitic Cloud
                  | to your library.
 14846 | D:14     | You pick up a book of Spatial Translocations and begin
                  | reading...
 14846 | D:14     | You add the spells Blink, Lesser Beckoning and Manifold
                  | Assault to your library.
 15034 | D:15     | Entered Level 15 of the Dungeon
 15136 | D:14     | Reached skill level 8 in Conjurations
 15136 | D:14     | Reached skill level 8 in Hexes
 15136 | D:14     | Reached skill level 8 in Summonings
 15136 | D:14     | Reached skill level 8 in Necromancy
 15136 | D:14     | Reached skill level 8 in Translocations
 15136 | D:14     | Reached skill level 8 in Transmutations
 15136 | D:14     | Reached skill level 8 in Fire Magic
 15136 | D:14     | Reached skill level 8 in Ice Magic
 15136 | D:14     | Reached skill level 8 in Air Magic
 15136 | D:14     | Reached skill level 8 in Earth Magic
 15136 | D:14     | Reached skill level 8 in Poison Magic
 15258 | D:15     | Noticed a cyan very ugly thing
 15258 | D:15     | Noticed a green very ugly thing
 15278 | D:15     | Killed a red very ugly thing
 15304 | D:15     | Killed a purple very ugly thing
 15305 | D:15     | Reached skill level 10 in Dodging
 15364 | D:15     | Found a staircase to the Depths.
 15418 | D:15     | Reached XP level 15. HP: 110/119 MP: 28/28
 15675 | D:15     | Reached ****** piety under Lugonu
 15901 | D:15     | Found a blossoming altar of Fedhas.
 16306 | Lair:1   | Entered Level 1 of the Lair of Beasts
 16331 | Lair:1   | Learned a level 3 spell: Mephitic Cloud
 16339 | Lair:1   | Learned a level 3 spell: Dazzling Flash
 16344 | Lair:1   | Learned a level 4 spell: Dispel Undead
 16349 | Lair:1   | Learned a level 4 spell: Flame Wave
 16354 | Lair:1   | Learned a level 4 spell: Iskenderun's Mystic Blast
 16375 | Lair:1   | You add the spells Borgnjor's Vile Clutch and Eringya's
                  | Noxious Bog to your library.
 16414 | Lair:1   | Reached skill level 10 in Short Blades
 16414 | Lair:1   | Reached skill level 10 in Long Blades
 16414 | Lair:1   | Reached skill level 10 in Axes
 16414 | Lair:1   | Reached skill level 10 in Maces & Flails
 16414 | Lair:1   | Reached skill level 10 in Staves
 16414 | Lair:1   | Reached skill level 10 in Slings
 16414 | Lair:1   | Reached skill level 10 in Bows
 16414 | Lair:1   | Reached skill level 10 in Crossbows
 16414 | Lair:1   | Reached skill level 10 in Throwing
 16414 | Lair:1   | Reached skill level 10 in Stealth
 16414 | Lair:1   | Reached skill level 10 in Shields
 16414 | Lair:1   | Reached skill level 10 in Unarmed Combat
 16414 | Lair:1   | Reached skill level 10 in Spellcasting
 16414 | Lair:1   | Reached skill level 10 in Evocations
 16878 | Lair:1   | Reached skill level 11 in Polearms
 16878 | Lair:1   | Reached skill level 11 in Armour
 17290 | Lair:2   | Noticed Gastronok
 17302 | Lair:2   | Killed Gastronok
 17464 | Lair:2   | Identified the +0 leather armour of Bad Feelings {rC++
                  | Str+4 SInv}
 17790 | Lair:2   | Found a hide-covered altar of Uskayaw.
 17827 | Lair:2   | Found a hole to the Spider Nest.
 18109 | Lair:2   | You add the spells Petrify and Malign Gateway to your
                  | library.
 18109 | Lair:2   | Got the Collected Works on Transmutation and the Voyage
 18165 | Lair:2   | Noticed Urug
 18295 | Lair:2   | Killed Urug
 18810 | Lair:3   | Reached skill level 12 in Fighting
 19260 | Lair:4   | Reached skill level 12 in Invocations
 19402 | Lair:4   | Found a staircase to the Swamp.
 20201 | Lair:5   | Found a runed translucent door.
 20201 | Lair:5   | Found a viscous altar of Jiyva.
 20202 | Lair:5   | Found a staircase to the Slime Pits.
 20202 | Lair:5   | Noticed an acid blob
 21222 | Lair:6   | Entered Level 6 of the Lair of Beasts
 21232 | Lair:6   | Reached XP level 16. HP: 127/127 MP: 30/30
 21373 | Lair:6   | Reached skill level 9 in Conjurations
 21373 | Lair:6   | Reached skill level 9 in Hexes
 21373 | Lair:6   | Reached skill level 9 in Summonings
 21373 | Lair:6   | Reached skill level 9 in Necromancy
 21373 | Lair:6   | Reached skill level 9 in Translocations
 21373 | Lair:6   | Reached skill level 9 in Transmutations
 21373 | Lair:6   | Reached skill level 9 in Fire Magic
 21373 | Lair:6   | Reached skill level 9 in Ice Magic
 21373 | Lair:6   | Reached skill level 9 in Air Magic
 21373 | Lair:6   | Reached skill level 9 in Earth Magic
 21373 | Lair:6   | Reached skill level 9 in Poison Magic
 21711 | Lair:6   | Reached skill level 11 in Dodging
 21980 | Lair:6   | Identified the amulet "Wuebodac" {Faith Rampage Will+ MP+9
                  | Stlth+}
 22262 | Lair:6   | Identified the +3 hand axe of the Four Prophets {drain,
                  | Str+4}
 22531 | Lair:6   | Found a corrupted altar of Lugonu.
 22534 | Lair:6   | Found a one-way gate to the infinite horrors of the Abyss.
 22539 | Lair:6   | You add the spells Ensorcelled Hibernation, Fulminant Prism
                  | and Silence to your library.
 22539 | Lair:6   | Got the Guide on Doomed Hexes
 22659 | Lair:6   | Identified the ring of Due Proportion {rElec Int+6}
 23077 | Orc:1    | Entered Level 1 of the Orcish Mines
 23113 | Orc:1    | Found a bloodstained altar of Trog.
 23230 | Orc:1    | HP: 26/129 [orc warlord (33)]
 23606 | Orc:2    | Entered Level 2 of the Orcish Mines
 23630 | Orc:2    | Reached skill level 11 in Short Blades
 23630 | Orc:2    | Reached skill level 11 in Long Blades
 23630 | Orc:2    | Reached skill level 11 in Axes
 23630 | Orc:2    | Reached skill level 11 in Maces & Flails
 23630 | Orc:2    | Reached skill level 11 in Staves
 23630 | Orc:2    | Reached skill level 11 in Slings
 23630 | Orc:2    | Reached skill level 11 in Bows
 23630 | Orc:2    | Reached skill level 11 in Crossbows
 23630 | Orc:2    | Reached skill level 11 in Throwing
 23630 | Orc:2    | Reached skill level 11 in Stealth
 23630 | Orc:2    | Reached skill level 11 in Shields
 23630 | Orc:2    | Reached skill level 11 in Unarmed Combat
 23630 | Orc:2    | Reached skill level 11 in Spellcasting
 23630 | Orc:2    | Reached skill level 11 in Evocations
 23753 | Orc:2    | Found a staircase to the Elven Halls.
 23883 | Orc:2    | Noticed Saint Roka
 23987 | Orc:2    | Killed Saint Roka
 24178 | Orc:2    | Noticed Nergalle
 24180 | Orc:2    | HP: 13/129 [orc knight (21)]
 24280 | Orc:2    | Found an iron altar of Okawaru.
 24531 | Orc:1    | Killed Nergalle
 24623 | Orc:2    | Found Barruil's Antique Armour Shop.
 24629 | Orc:2    | Bought a pair of transparent gloves for 313 gold pieces
 24629 | Orc:2    | Identified the +1 pair of gloves of Skepticism {Harm} (You
                  | bought it in a shop on level 2 of the Orcish Mines)
 24733 | Orc:2    | Found Kotell's General Store.
 24739 | Orc:2    | Bought a scroll of blinking for 90 gold pieces
 24850 | Orc:2    | Found Iryo's Jewellery Shop.
 24899 | Orc:2    | Found Goran's Antique Weapon Shop.
 24905 | Orc:2    | Bought a translucent battleaxe for 379 gold pieces
 24905 | Orc:2    | Identified the +7 battleaxe of Nemelex Xobeh {vorpal, rPois
                  | rF- Dex+4} (You bought it in a shop on level 2 of the
                  | Orcish Mines)
 25227 | D:10     | Learned a level 4 spell: Olgreb's Toxic Radiance
 25333 | Spider:1 | Entered Level 1 of the Spider Nest
 25342 | Spider:1 | Reached skill level 12 in Polearms
 25342 | Spider:1 | Reached skill level 12 in Armour
 25359 | Spider:1 | Reached XP level 17. HP: 42/135 MP: 31/32
 25359 | Spider:1 | HP: 26/135 [wolf spider (8)]
 25364 | Spider:1 | HP: 31/135 [poisoned by a redback]
 25371 | Spider:1 | HP: 25/135 [demonic crawler (6)]
 25378 | Lair:2   | HP: 30/135 [demonic crawler (1)]
 25388 | Lair:2   | HP: 27/135 [demonic crawler (7)]
 26196 | Spider:1 | Reached skill level 13 in Invocations
 26975 | Spider:2 | You pick up a book of Blasting and begin reading...
 27334 | Spider:3 | Reached skill level 13 in Fighting
 27432 | Spider:3 | Noticed Mlioglotl
 27455 | Spider:3 | Killed Mlioglotl
 27763 | Spider:3 | Reached skill level 10 in Conjurations
 27763 | Spider:3 | Reached skill level 10 in Hexes
 27763 | Spider:3 | Reached skill level 10 in Summonings
 27763 | Spider:3 | Reached skill level 10 in Necromancy
 27763 | Spider:3 | Reached skill level 10 in Translocations
 27763 | Spider:3 | Reached skill level 10 in Transmutations
 27763 | Spider:3 | Reached skill level 10 in Fire Magic
 27763 | Spider:3 | Reached skill level 10 in Ice Magic
 27763 | Spider:3 | Reached skill level 10 in Air Magic
 27763 | Spider:3 | Reached skill level 10 in Earth Magic
 27763 | Spider:3 | Reached skill level 10 in Poison Magic
 27961 | Spider:3 | Reached skill level 12 in Dodging
 27986 | Spider:3 | Identified the +0 kite shield of Music {rPois MP+9 Dex+3
                  | Stlth+}
 27986 | Spider:3 | Noticed Asterion
 27998 | Spider:3 | Killed Asterion
 28058 | Spider:3 | Identified a +4 demon trident of distortion (a +2 demon
                  | trident of venom corrupted by Lugonu)
 28058 | Spider:3 | Received a gift from Lugonu
 28196 | Spider:3 | You pick up a book of Sloth and begin reading...
 28196 | Spider:3 | You add the spells Metabolic Englaciation and Statue Form
                  | to your library.
 28209 | Spider:3 | You pick up a book of Misfortune and begin reading...
 28576 | Spider:4 | Entered Level 4 of the Spider Nest
 28653 | Spider:4 | Reached XP level 18. HP: 143/143 MP: 33/33
 28792 | Spider:4 | You pick up a book of Minor Magic and begin reading...
 29159 | Spider:4 | Noticed Arachne
 29197 | Spider:4 | HP: 30/143 [Arachne/poison arrow (13)]
 29202 | Spider:4 | Reached skill level 12 in Short Blades
 29202 | Spider:4 | Reached skill level 12 in Long Blades
 29202 | Spider:4 | Reached skill level 12 in Axes
 29202 | Spider:4 | Reached skill level 12 in Maces & Flails
 29202 | Spider:4 | Reached skill level 12 in Staves
 29202 | Spider:4 | Reached skill level 12 in Slings
 29202 | Spider:4 | Reached skill level 12 in Bows
 29202 | Spider:4 | Reached skill level 12 in Crossbows
 29202 | Spider:4 | Reached skill level 12 in Throwing
 29202 | Spider:4 | Reached skill level 12 in Stealth
 29202 | Spider:4 | Reached skill level 12 in Shields
 29202 | Spider:4 | Reached skill level 12 in Unarmed Combat
 29202 | Spider:4 | Reached skill level 12 in Spellcasting
 29202 | Spider:4 | Reached skill level 12 in Evocations
 29202 | Spider:4 | HP: 16/143 [poisoned by Arachne (poison arrow)]
 29303 | Spider:4 | Banished Arachne
 29667 | Spider:4 | Noticed Agnes
 29672 | Spider:4 | Banished Agnes
 30125 | Spider:4 | Got a gossamer rune of Zot
 30338 | Spider:4 | Reached skill level 13 in Polearms
 30338 | Spider:4 | Reached skill level 13 in Armour
 30350 | Spider:4 | You pick up a book of Blasting and begin reading...
 30597 | Swamp:1  | Entered Level 1 of the Swamp
 30842 | Swamp:1  | Noticed Frances
 30882 | Swamp:1  | Banished Frances
 31102 | Swamp:1  | You pick up a book of Flames and begin reading...
 31147 | Swamp:1  | Reached skill level 14 in Invocations
 31148 | Swamp:1  | Noticed Donald
 31156 | Swamp:1  | HP: 35/145 [Donald (4)]
 31156 | Swamp:1  | HP: 4/145 [Donald (31)]
 31156 | Swamp:1  | Slain by Donald

Vanquished Creatures
  Saint Roka (Orc:2)
  Mlioglotl (Spider:3)
  Asterion (Spider:3)
  Gastronok (Lair:2)
  7 ghost moths
  2 emperor scorpions (Spider:4)
  An orc warlord (Orc:1)
  2 very ugly things (D:15)
  3 entropy weavers
  4 spark wasps
  A minotaur (Gauntlet)
  A great orb of eyes (shapeshifter) (D:15)
  A ghost crab (Swamp:1)
  7 boulder beetles
  8 hydras
  Harold (D:8)
  A death knight (D:12)
  3 catoblepae
  2 ogre magi (D:14)
  8 centaur warriors
  An alligator (Swamp:1)
  9 two-headed ogres
  A tengu warrior (D:14)
  2 orc high priests (Orc:2)
  4 thrashing horrors (Lair:6)
  Urug (Lair:2)
  Nergalle (Orc:1)
  Sonja (D:13)
  3 goliath frogs (Swamp:1)
  5 skeletal warriors
  A glowing orange brain (D:15)
  2 bog bodies (Swamp:1)
  A deep elf archer (D:14)
  6 orc knights
  6 deep elf pyromancers
  5 harpies (D:14)
  27 wolf spiders
  An oklob plant (Lair:6)
  3 orc sorcerers
  19 ugly things
  22 orb spiders
  A will-o-the-wisp (Swamp:1)
  6 cyclopes
  7 manticores
  15 elephants
  A torpor snail (Spider:4)
  2 black mambas (Lair:3)
  A smoke demon (Lair:6)
  2 gargoyles
  An unseen horror (D:11)
  A rime drake (Lair:4)
  Psyche (D:12)
  8 cane toads
  18 demonic crawlers
  3 yaktaurs (D:14)
  9 komodo dragons
  4 ancient zymes
  5 trolls
  31 jumping spiders
  A wolf spider simulacrum (D:15)
  A queen bee (shapeshifter) (Lair:6)
  A polar bear (Lair:3)
  3 meliai (D:14)
  A jumping spider (shapeshifter) (Lair:6)
  13 hornets
  16 slime creatures
  4 tyrant leeches
  20 blink frogs
  10 dream sheep (Lair:5)
  Sigmund (D:2)
  A shadow (D:10)
  68 redbacks
  7 spriggans
  A ynoxinul (Lair:6)
  A wraith (D:9)
  29 yaks
  A vampire (D:10)
  4 wyverns
  2 water elementals (D:13)
  Grum (D:8)
  A steam dragon (D:8)
  41 tarantellas
  8 basilisks
  2 chaos spawn (Lair:6)
  Menkaure (D:7)
  4 swamp worms
  11 vampire mosquitoes
  9 wargs
  16 water moccasins
  35 orc warriors
  An ice beast (D:8)
  8 black bears
  2 sky beasts (D:8)
  4 wolves (D:8)
  17 centaurs
  A boggart (D:14)
  10 ogres
  9 small abominations (Lair:6)
  A phantom (D:4)
  Blork the orc (D:7)
  3 kobold brigands
  23 bullfrogs
  A scorpion (shapeshifter) (D:15)
  3 scorpions
  4 gnoll sergeants
  3 killer bees (D:8)
  2 howler monkeys
  4 wights (D:7)
  4 electric eels
  A jelly (D:6)
  5 centaur zombies
  A gnoll shaman (Orc:2)
  2 centaur skeletons
  15 orc priests
  2 hounds (D:5)
  A bullfrog skeleton (D:5)
  29 orc wizards
  9 hell rats
  A hound skeleton (D:4)
  2 howler monkey zombies
  21 gnolls
  8 adders
  4 white imps
  An ufetubus (D:7)
  5 worms
  A dart slug (D:1)
  80 orcs
  3 endoplasms
  8 giant cockroaches
  15 goblins
  7 hobgoblins
  2 jackals (D:3)
  24 kobolds
  10 quokkas
  8 ball pythons
  7 bats
  7 frilled lizards
  A quokka skeleton (D:4)
  3 rats (D:1)
991 creatures vanquished.

Vanquished Creatures (collateral kills)
  Maggie (D:6)
  A steam dragon (D:8)
  An ice beast (D:8)
  2 orc warriors (Orc:2)
  A centaur (D:8)
  An orc wizard (Orc:2)
  A gnoll (D:8)
  An orc (Orc:2)
9 creatures vanquished.

Vanquished Creatures (others)
  3 goblins (D:8)
  67 fungi
  137 plants
  A starspawn tentacle (Abyss:1)
208 creatures vanquished.

Grand Total: 1208 creatures vanquished

Table legend:
 A = Non-vault XP
 B = Vault XP
 C = Vault XP percentage of total XP
 D = Non-vault monster count
 E = Vault monster count
 F = Vault count percentage of total count
                 A         B        C        D         E       F
            +---------+---------+-------+---------+---------+-------
      Total |  178934 |  113881 |  38.9 |     698 |     316 |  31.2
            +---------+---------+-------+---------+---------+-------
        D:1 |      29 |       3 |   9.4 |      17 |       2 |  10.5
        D:2 |      44 |     247 |  84.9 |      10 |       6 |  37.5
        D:3 |      46 |      29 |  38.7 |      15 |       4 |  21.1
        D:4 |     157 |     452 |  74.2 |      14 |       7 |  33.3
        D:5 |     600 |       5 |   0.8 |      17 |       1 |   5.6
        D:6 |     415 |     418 |  50.2 |      19 |       1 |   5.0
        D:7 |     438 |     471 |  51.8 |      11 |       4 |  26.7
        D:8 |     599 |    6410 |  91.5 |      10 |      33 |  76.7
        D:9 |     615 |       0 |   0.0 |      13 |       0 |   0.0
       D:10 |    5322 |     919 |  14.7 |      19 |       6 |  24.0
       D:11 |    4284 |    1239 |  22.4 |      11 |       8 |  42.1
       D:12 |   10368 |    2930 |  22.0 |      33 |       9 |  21.4
       D:13 |    7451 |     782 |   9.5 |      23 |       1 |   4.2
       D:14 |   13705 |   12185 |  47.1 |      24 |      25 |  51.0
       D:15 |    9950 |    7151 |  41.8 |      28 |      10 |  26.3
     Lair:1 |    4792 |       0 |   0.0 |      24 |       0 |   0.0
     Lair:2 |    5865 |    4986 |  45.9 |      28 |      10 |  26.3
     Lair:3 |    5126 |       0 |   0.0 |      11 |       0 |   0.0
     Lair:4 |    3463 |     140 |   3.9 |       9 |       1 |  10.0
     Lair:5 |    6661 |       0 |   0.0 |      24 |       0 |   0.0
     Lair:6 |   14417 |   12070 |  45.6 |      38 |      39 |  50.6
    Swamp:1 |    9762 |    2459 |  20.1 |      24 |       1 |   4.0
   Spider:1 |   18528 |    1865 |   9.1 |      53 |       7 |  11.7
   Spider:2 |    6566 |       0 |   0.0 |      21 |       0 |   0.0
   Spider:3 |   19164 |   10487 |  35.4 |      46 |      13 |  22.0
   Spider:4 |   18541 |   32964 |  64.0 |      46 |      47 |  50.5
      Orc:1 |    4334 |    1541 |  26.2 |      39 |       3 |   7.1
      Orc:2 |    7370 |    9679 |  56.8 |      70 |      29 |  29.3
    Abyss:1 |     322 |       0 |   0.0 |       1 |       0 |   0.0
      Sewer |       0 |     141 | 100.0 |       0 |      20 | 100.0
     Bailey |       0 |    2096 | 100.0 |       0 |      21 | 100.0
   Gauntlet |       0 |    2212 | 100.0 |       0 |       8 | 100.0
            +---------+---------+-------+---------+---------+-------

Illustrated notes

Table legend:
 A = Kills in this place as a percentage of kills in entire the game.
 B = Kills by you in this place as a percentage of kills by you in the entire game.
 C = Kills by friends in this place as a percentage of kills by friends in the entire game.
 D = Other kills in this place as a percentage of other kills in the entire game.
 E = Experience gained in this place as a percentage of experience gained in the entire game.
 F = Experience gained in this place divided by the number of levels of this place that you have seen.
                   A       B       C       D       E      F
               +-------+-------+-------+-------+-------+----------------------
         Total | 100.0 | 100.0 | 100.0 | 100.0 | 100.0 | 8133.8
       Dungeon |  37.6 |  37.6 |  55.6 |  21.4 |  29.8 | 5817.6
          Lair |  18.1 |  18.6 |   0.0 |   0.0 |  19.6 | 9586.7
         Swamp |   2.5 |   2.3 |   0.0 |  14.3 |   4.2 | 12221.0
   Spider Nest |  23.0 |  22.8 |   0.0 |  50.0 |  36.9 | 27028.8
  Orcish Mines |  13.9 |  13.8 |  44.4 |   0.0 |   7.8 | 11462.0
         Abyss |   0.1 |   0.1 |   0.0 |   0.0 |   0.1 |  80.5
         Sewer |   2.0 |   2.0 |   0.0 |   0.0 |   0.0 | 141.0
        Bailey |   2.1 |   2.0 |   0.0 |   7.1 |   0.7 | 2096.0
      Gauntlet |   0.8 |   0.7 |   0.0 |   7.1 |   0.8 | 2212.0
               +-------+-------+-------+-------+-------+----------------------

Table legend: (Time is in decaauts)
 A = Elapsed time spent in this place.
 B = Non-inter-level travel time spent in this place.
 C = Inter-level travel time spent in this place.
 D = Time resting spent in this place.
 E = Time spent auto-exploring this place.
 F = Levels seen in this place.
 G = Mean time per level.
                   A        B        C        D        E       F      G
               +--------+--------+--------+--------+--------+-----+--------+
         Total |  29897 |  28337 |   1560 |   1562 |  18676 |  36 |  830.5 |
       Dungeon |  14478 |  13575 |    903 |    882 |   8681 |  15 |  965.2 |
        Temple |      1 |      1 |      0 |      0 |      0 |   1 |    1.0 |
          Lair |   6635 |   6215 |    420 |    244 |   4700 |   6 | 1105.8 |
         Swamp |    559 |    559 |      0 |     20 |    355 |   1 |  559.0 |
   Spider Nest |   4784 |   4645 |    139 |    288 |   3160 |   4 | 1196.0 |
  Orcish Mines |   1950 |   1855 |     95 |    108 |   1090 |   2 |  975.0 |
         Abyss |    229 |    229 |      0 |      0 |     15 |   4 |   57.2 |
         Sewer |    524 |    524 |      0 |      0 |    354 |   1 |  524.0 |
        Bailey |    292 |    292 |      0 |      0 |     97 |   1 |  292.0 |
      Gauntlet |    440 |    440 |      0 |     18 |    221 |   1 |  440.0 |
               +--------+--------+--------+--------+--------+-----+--------+

Top non-repeatable levels by time:
Spider:4: 1669 daAuts
    D:14: 1580 daAuts
  Lair:6: 1557 daAuts
Spider:1: 1369 daAuts
Spider:3: 1346 daAuts
     D:8: 1322 daAuts
    D:12: 1321 daAuts
    D:10: 1280 daAuts
    D:13: 1277 daAuts
  Lair:2: 1276 daAuts
   Orc:2: 1265 daAuts
  Lair:5: 1058 daAuts
     D:9: 1020 daAuts
  Lair:1: 993 daAuts
     D:7: 945 daAuts
